 Dungeon Crawl Stone Soup version 0.25.0-41-g26779e291d (webtiles) character file.

Game seed: 15578012160823771532

7827 KleinerIrrer the Covert (level 11, -15/75 HPs)
             Began as an Octopode Wizard on July 10, 2020.
             Was a High Priest of Lugonu.
             Demolished by a red devil
             ... wielding a +3 demon trident of electrocution
              (25 damage)
             ... on level 10 of the Dungeon.
             The game lasted 00:39:33 (15454 turns).

KleinerIrrer the Covert (Octopode Wizard)          Turns: 15454, Time: 00:39:34

Health: -15/75     AC:  3    Str:  9    XL:     11   Next: 21%
Magic:  18/18      EV: 18    Int: 23    God:    Lugonu [*****.]
Gold:   381        SH:  0    Dex: 12    Spells: 12/20 levels left

rFire    . . .     SeeInvis .   F - +10 mace of the Two Names {elec, Str+3}
rCold    . . .     Gourm    .   (no shield)
rNeg     . . .     Faith    .   a - +2 hat
rPois    +         Spirit   .   z - amulet of magic regeneration
rElec    .         Reflect  .   i - ring of poison resistance
rCorr    .         Harm     .   (no ring)
MR       .....                  (no ring)
Stlth    +++++.....             (no ring)
HPRegen  0.22/turn              (no ring)
MPRegen  0.41/turn              (no ring)
                                (no ring)
                                (no ring)

@: no status effects
A: almost no armour, stealthy swim, amphibious, 8 rings, constrict 8, camouflage
1, gelatinous body 1
a: Depart the Abyss, Bend Space, Banish, Corrupt, Enter the Abyss, Renounce
Religion


You were on level 10 of the Dungeon.
You worshipped Lugonu.
Lugonu was extremely pleased with you.
You were not hungry.

You visited 2 branches of the dungeon, and saw 11 of its levels.

You collected 381 gold pieces.

Inventory:

Hand Weapons
 j - a +2 hunting sling of freezing
 F - the +10 mace of the Two Names (weapon) {elec, Str+3}
   (You found it on level 7 of the Dungeon)

   Occasionally, upon striking a foe, it will discharge some electrical energy
   and cause terrible harm.
   It affects your strength (+3).
Missiles
 C - 32 sling bullets
 I - 15 poisoned darts (quivered)
Armour
 a - a +2 hat (worn)
Jewellery
 i - a ring of poison resistance (left tentacle)
 z - an amulet of magic regeneration (around mantle)
 G - an uncursed amulet of regeneration {unknown}
Wands
 r - a wand of acid (17)
 s - a wand of clouds (3)
 u - a wand of iceblast (15)
 w - a wand of paralysis (15)
 D - a wand of digging (6)
 H - a wand of flame (9)
 J - a wand of polymorph (11)
Scrolls
 d - 2 scrolls of fog
 g - a scroll of remove curse
 k - 4 scrolls of teleportation
 p - 2 scrolls of enchant weapon
 t - a scroll of immolation
 B - 3 scrolls of identify
 K - a scroll of fear {unknown}
 L - a scroll of blinking {unknown}
Potions
 b - a potion of flight
 e - 3 potions of cancellation
 h - 5 potions of lignification {unknown}
 l - a potion of haste {unknown}
 m - 3 potions of stabbing
 n - 2 potions of resistance
 o - a potion of curing
 q - 2 potions of heal wounds {unknown}
 A - 2 potions of ambrosia {unknown}
 E - 3 potions of degeneration {unknown}
Comestibles
 c - 17 rations
 f - 4 chunks of flesh


   Skills:
 + Level 7.0 Fighting
 + Level 8.9 Dodging
 - Level 9.2 Stealth
 - Level 5.2 Unarmed Combat
 - Level 5.2 Spellcasting
 - Level 3.0 Conjurations
 - Level 1.0 Summonings
 - Level 1.0 Translocations
 - Level 3.0 Air Magic
 - Level 3.0 Poison Magic
 * Level 7.6 Invocations


You had 12 spell levels left.
You knew the following spells:

 Your Spells              Type           Power        Failure   Level  Hunger
a - Magic Dart            Conj           ###.         2%          1    None
b - Blink                 Tloc           N/A          10%         2    None
c - Call Imp              Summ           ##......     10%         2    None
e - Mephitic Cloud        Conj/Pois/Air  ###.....     9%          3    ##.....

Your spell library contained the following spells:

 Spells                   Type           Power        Failure   Level  Hunger
 Summon Small Mammal      Summ           ##..         6%          1    None
 Slow                     Hex            #.......     14%         2    None
 Conjure Flame            Conj/Fire      ##......     16%         3    ##.....
 Call Canine Familiar     Summ           ##......     19%         3    ##.....
 Summon Guardian Golem    Hex/Summ       #.......     22%         3    ##.....
 Summon Lightning Spire   Summ/Air       ###.....     38%         4    ####...
 Summon Ice Beast         Ice/Summ       #.......     58%         4    ####...


Dungeon Overview and Level Annotations

Branches:
Dungeon (10/15)            Temple (0/1) D:4            Lair (0/6) D:10
    Orc (1/2) D:9

Altars:
Ashenzari
Dithmenos
Elyvilon
Fedhas
Gozag
Makhleb
Nemelex Xobeh
Ru
Sif Muna
Uskayaw
Xom
The Shining One
Lugonu


Innate Abilities, Weirdness & Mutations

You cannot wear most types of armour.
You are very stealthy in the water. (Stealth+)
You are amphibious.
You can wear up to eight rings at the same time.
You can use your tentacles to constrict eight enemies at once.
Your skin changes colour to match your surroundings (Stealth+).
Your rubbery body absorbs attacks. (AC +1, EV +1)


Message History

The red devil hits you from afar with a +3 demon trident of electrocution!
The adder bites you but does no damage.
You hit the adder. Lightning courses through the adder!!
You kill the adder!
Lugonu accepts your kill. The crimson imp closely misses you.
The red devil closely misses you. The bullfrog zombie hits you.
The crimson imp completely misses you.
You sock the crimson imp!
Lightning courses through the crimson imp!
You kill the crimson imp!
Lugonu accepts your kill.
The red devil hits you from afar with a +3 demon trident of electrocution.
You are electrocuted!
* * * LOW HITPOINT WARNING * * *
The bullfrog zombie hits you.
* * * LOW HITPOINT WARNING * * *
The bullfrog zombie misses you.
The bullfrog zombie completely misses you.
The red devil hits you from afar with a +3 demon trident of electrocution!!
You die...

...................#**,,,* *,***
.....##.###......#..*#.,,** *,* *
........##...#...##....,,,***,* *
...........#.#.<.......,,,,,,,* *
#.......##......#######**,***** *
.....########...##### ***,*******
.....# #####.)...##*,,,,,,,,,,
#.##.######..........#...,,,,,,,,
#.##............@.4......,,,,,***
.................Z.##....,,,,,*
####.######........#*,...,,,,,***
*,,,...***#######....,,..,,,,,,,*
*,,,.....,,,,,,,......,,,,,,,,,,,
*,,,,,,##*******#####...,,,,,,,,,
*,,,,,,* *...,,,,,,,,, ********
*,..,,,,,,,,, *,,,,,,,,,,,,


You could see a red devil and a bullfrog zombie.

Vanquished Creatures
  Erolcha (D:9)
  Pikel (D:7)
  An orc sorcerer (Orc:1)
  Joseph (D:7)
  Maggie (D:7)
  2 trolls
  A red devil (D:10)
  2 hippogriffs
  Sigmund (D:3)
  A wyvern (D:8)
  A warg (D:9)
  A black bear (D:6)
  An ice beast (D:5)
  5 orc warriors
  4 phantoms
  2 slaves (D:7)
  3 centaurs
  6 ogres
  A big kobold (D:9)
  5 bullfrogs
  A scorpion (D:5)
  9 killer bees
  4 wights
  2 electric eels (D:7)
  A centaur zombie (D:6)
  A howler monkey (D:4)
  A bullfrog zombie (D:7)
  3 crimson imps
  2 centaur skeletons
  2 gnoll shamans
  4 hounds
  3 jellies
  An orc priest (D:3)
  Crazy Yiuf (D:7)
  Terence (D:2)
  Natasha (D:3)
  4 bullfrog skeletons
  2 iguanas
  An orc wizard (D:8)
  3 worker ants
  A hound skeleton (D:9)
  17 gnolls
  12 adders
  4 shadow imps
  An adder zombie (D:5)
  4 adder skeletons (D:5)
  2 dart slugs (D:2)
  11 leopard geckos
  31 orcs
  11 giant cockroaches
  9 hobgoblins
  9 jackals
  5 quokkas
  10 bats
  5 frilled lizards (D:2)
  9 goblins
  A jackal skeleton (D:4)
  8 kobolds
  2 leopard gecko zombies (D:6)
  6 rats
246 creatures vanquished.

Vanquished Creatures (collateral kills)
  A killer bee (D:7)
  A quasit (D:6)
  A gnoll (Orc:1)
3 creatures vanquished.

Vanquished Creatures (others)
  An orc knight (D:9)
  2 orcs
3 creatures vanquished.

Grand Total: 252 creatures vanquished

Notes
Turn   | Place    | Note
-------+----------+-------------------------------------------
     0 | D:1      | KleinerIrrer the Octopode Wizard began the quest for the
                  | Orb.
     0 | D:1      | Reached XP level 1. HP: 11/11 MP: 4/4
   271 | D:1      | Reached XP level 2. HP: 11/18 MP: 0/6
  1233 | D:2      | Noticed Terence
  1296 | D:1      | Reached XP level 3. HP: 22/22 MP: 7/7
  1316 | D:2      | Killed Terence
  1316 | D:2      | Reached skill level 1 in Fighting
  1594 | D:2      | Reached XP level 4. HP: 22/28 MP: 1/9
  1672 | D:2      | Found a shattered altar of Ashenzari.
  1872 | D:2      | Found a shimmering blue altar of Sif Muna.
  1874 | D:2      | Found a sparkling altar of Nemelex Xobeh.
  1877 | D:2      | Found a glowing golden altar of the Shining One.
  1952 | D:2      | Learned a level 2 spell: Blink
  1955 | D:2      | Learned a level 2 spell: Call Imp
  1958 | D:2      | Learned a level 2 spell: Slow
  1962 | D:2      | Learned a level 3 spell: Mephitic Cloud
  2116 | D:2      | Reached skill level 1 in Unarmed Combat
  2640 | D:3      | Found a shimmering altar of Xom.
  2651 | D:3      | Reached XP level 5. HP: 33/33 MP: 4/11
  2656 | D:3      | Reached skill level 1 in Poison Magic
  2865 | D:3      | Found a faded altar of an unknown god.
  2868 | D:3      | Became a worshipper of Lugonu the Unformed
  2868 | D:3      | Reached * piety under Lugonu
  2868 | D:3      | Reached ** piety under Lugonu
  3062 | D:3      | Found a shadowy altar of Dithmenos.
  3066 | D:3      | Reached skill level 1 in Air Magic
  3541 | D:3      | Found a white marble altar of Elyvilon.
  3712 | D:3      | Noticed Sigmund
  3728 | D:3      | Killed Sigmund
  3728 | D:3      | Reached skill level 1 in Invocations
  3728 | D:3      | Reached XP level 6. HP: 38/38 MP: 4/12
  4006 | D:3      | Noticed Natasha
  4011 | D:3      | Killed Natasha
  4257 | D:4      | Noticed a phantom
  4332 | D:4      | Killed a phantom
  4332 | D:4      | Reached skill level 5 in Spellcasting
  4332 | D:4      | Reached XP level 7. HP: 25/44 MP: 5/14
  5018 | D:4      | HP: 2/45 [iguana (13)]
  5406 | D:4      | Reached *** piety under Lugonu
  5559 | D:4      | Found a staircase to the Ecumenical Temple.
  5669 | D:5      | Entered Level 5 of the Dungeon
  5741 | D:5      | Reached XP level 8. HP: 46/51 MP: 13/15
  5923 | D:5      | Found a burning altar of Makhleb.
  5969 | D:5      | Reached skill level 3 in Stealth
  6415 | D:5      | Found a hide-covered altar of Uskayaw.
  6417 | D:5      | Noticed a +0 hand axe
  6417 | D:5      | Noticed a +0 hand axe
  7850 | D:6      | Reached skill level 4 in Stealth
  8676 | D:5      | Reached skill level 5 in Stealth
  8676 | D:5      | Reached XP level 9. HP: 26/57 MP: 11/16
  9520 | D:7      | Reached skill level 5 in Dodging
  9543 | D:7      | Noticed Pikel
  9545 | D:7      | Reached skill level 6 in Stealth
 10416 | D:7      | Reached skill level 7 in Stealth
 10430 | D:7      | Noticed Joseph
 10460 | D:7      | Killed Joseph
 10460 | D:7      | Reached **** piety under Lugonu
 10460 | D:7      | Reached skill level 5 in Invocations
 10587 | D:7      | Noticed Maggie
 10617 | D:7      | Killed Maggie
 10617 | D:7      | Reached skill level 8 in Stealth
 10883 | D:7      | Reached skill level 5 in Unarmed Combat
 10957 | D:7      | Reached XP level 10. HP: 54/64 MP: 1/17
 11015 | D:7      | Killed Pikel
 11015 | D:7      | Reached skill level 9 in Stealth
 11299 | D:7      | Found a runed translucent door.
 11300 | D:7      | Noticed Crazy Yiuf
 11310 | D:7      | Killed Crazy Yiuf
 11316 | D:7      | Got a fine mace
 11317 | D:7      | Identified the +10 mace of the Two Names {elec, Str+3} (You
                  | found it on level 7 of the Dungeon)
 11348 | D:7      | Found an opulent altar of Gozag.
 11348 | D:7      | Found a sacrificial altar of Ru.
 12404 | D:8      | Reached skill level 5 in Fighting
 13017 | D:9      | Noticed Erolcha
 13034 | D:9      | Killed Erolcha
 13254 | D:9      | Found a blossoming altar of Fedhas.
 13514 | D:9      | Found a staircase to the Orcish Mines.
 13934 | Orc:1    | Entered Level 1 of the Orcish Mines
 14090 | Orc:1    | Reached ***** piety under Lugonu
 14096 | Orc:1    | Noticed an orc knight
 14737 | D:9      | Banished an orc knight
 14737 | D:9      | Reached XP level 11. HP: 73/73 MP: 18/18
 14875 | Orc:1    | Noticed an orc sorcerer
 14889 | Orc:1    | Paralysed by an orc sorcerer for 7 turns
 14898 | Orc:1    | Killed an orc sorcerer
 15122 | D:10     | Entered Level 10 of the Dungeon
 15314 | D:10     | Found a staircase to the Lair.
 15454 | D:10     | Demolished by a red devil

Illustrated notes

Levels and vault maps discovered:
D:1:      psy_arrival_spokes, layout_basic
D:2:      layout_rooms, ashenzari_altar_1, minitemple, first_ration,
          uniq_terence
D:3:      layout_loops_corners, grunt_dithmenos_smoke, lemuel_round_altar,
          chequers_ecumenical_altar_grove, elyvilon_altar_3, uniq_sigmund,
          uniq_natasha
D:4:      layout_loops_ring, minmay_temple_entry_trees, st_stairs_8
D:5:      minmay_clustersquares, layout_basic, dancing_weapons_uskayaw,
          old_standard_altar
D:6:      kennysheep_six_static_rooms, layout_cave_pods
D:7:      layout_cave_pools, gammafunk_temple_overflow_wave,
          serial_bayou_lagoon_a, minmay_misc_feat_plants,
          minmay_fractal_squares_diagonal_5, uniq_pikel, uniq_joseph,
          uniq_maggie, uniq_crazy_yiuf_cottage
D:8:      layout_basic
D:9:      layout_basic, fedhas_altar_3, david_orc_2, blue_anna_alchemist
          [blue_anna_fruit_fields, blue_anna_fruit_fields], uniq_erolcha
D:10:     layout_rooms, lair_entry_dummy, enter_bailey_2, st_stairs_3,
          minmay_beelzebubs_servants
Orc:1:    layout_diamond_mine

Skill      XL: |  1  2  3  4  5  6  7  8  9 10 11 |
---------------+----------------------------------+-----
Fighting       | 1 2 3 4 6 7 |  7.0
Conjurations   | 2 3 |  3.0
Unarmed Combat | 1 2 3 4 5 |  5.2
Spellcasting   | 4 5 |  5.2
Poison Magic   | 2 3 |  3.0
Air Magic      | 1 2 3 |  3.0
Invocations    | 1 2 3 4 5 7 |  7.6
Dodging        | 3 4 6 8 |  8.9
Stealth        | 5 8 9 |  9.2
Summonings     | |  1.0
Translocations | |  1.0

Action                   |  1- 3 |  4- 6 |  7- 9 | 10-12 || total
-------------------------+-------+-------+-------+-------++-------
Melee: Unarmed           |    15 |       |       |       ||    15
       Constrict         |     7 |    22 |    69 |    28 ||   126
       Tentacles         |     6 |    22 |    79 |    14 ||   121
       Dagger            |    22 |   119 |   410 |     9 ||   560
       Punch             |       |     1 |     9 |     3 ||    13
       Mace              |       |       |       |   125 ||   125
 Fire: Hunting sling     |       |       |     8 |     4 ||    12
 Cast: Magic Dart        |    57 |   116 |   134 |    45 ||   352
       Mephitic Cloud    |       |     1 |    28 |    29 ||    58
       Slow              |       |     1 |     3 |       ||     4
       Call Imp          |       |       |    12 |     6 ||    18
       Blink             |       |       |     3 |       ||     3
Invok: Banish            |       |       |       |     1 ||     1
  Use: Scroll            |       |     3 |     7 |     8 ||    18
       Potion            |       |       |     3 |       ||     3
 Stab: Sleeping          |     2 |     1 |     3 |     3 ||     9
       Confused          |       |     2 |    13 |    16 ||    31
       Distracted        |       |       |     2 |     1 ||     3
  Eat: Chunk             |     2 |     9 |    11 |     9 ||    31
       Ration            |       |       |     3 |     2 ||     5
Armor: Skin              |    12 |    25 |   102 |    15 ||   154
Dodge: Dodged            |    29 |    73 |   270 |   150 ||   522
